Map: Invader LE

Players

KleiNknecht - Winner!

  • Race: Zerg Zerg
  • League: Gold

capac

  • Race: Terran Terran
  • League: Gold

VOD

Have the link to the VOD?

Description

Time

  • Played on: April 16, 2016, 4:41 p.m.
  • Length: 10:25
Show
View Real Time Build Order
Export as new Build Order

KleiNknecht Zerg - Winner!

Build Orders: Pool First, Muta Ling Bane 

Get SALT Encoding   

  12  0:02  Drone  
  13  0:08  Drone  
  14  0:17  Overlord  
  14  0:35  Drone x3  
  17  0:48  Spawning Pool, Drone  
  17  0:57  Drone  
  18  1:15  Hatchery  
  18  1:17  Drone  
  18  1:21  Drone  
  18  1:23  Extractor  
  18  1:31  Drone  
  19  1:35  Queen  
  21  1:52  Zergling x2  
  21  1:53  Overlord  
  22  2:12  Zergling x2  
  23  2:21  Zergling x2  
  24  2:27  Queen  
  24  2:28  Drone  
  24  2:29  Zergling x2  
  28  2:35  Metabolic Boost  
  28  2:40  Zergling x4  
  30  2:46  Drone  
  30  2:47  Drone x2  
  33  2:56  Zergling x4  
  35  3:08  Drone  
  36  3:12  Overlord  
  36  3:13  Overlord, Lair  
  36  3:23  Overlord  
  36  3:33  Drone  
  36  3:34  Drone x4  
  41  3:49  Drone x2  
  41  3:54  Extractor x2  
  41  3:57  Zergling x2  
  42  4:04  Zergling x8  
  42  4:09  Overlord  
  45  4:21  Zergling x2  
  46  4:26  Overlord x2  
  46  4:35  Drone x2  
  46  4:37  Spire  
  47  4:45  Drone x4  
  51  5:03  Hatchery  
  51  5:04  Overlord x2  
  49  5:11  Baneling Nest  
  48  5:16  Extractor, Drone x4  
  48  5:17  Drone x2  
  53  5:32  Evolution Chamber  
  53  5:33  Evolution Chamber  
  53  5:34  Drone x6  
  57  5:45  Drone x3  
  57  5:46  Drone x2  
  62  5:52  Zerg Flyer Weapons Level 1  
  62  6:00  Centrifical Hooks  
  58  6:11  Zergling x2  
  58  6:12  Zergling x18  
  62  6:22  Mutalisk x2  
  65  6:33  Mutalisk x2  
  65  6:34  Mutalisk  
  65  6:35  Overlord  
  71  6:41  Queen  
  71  6:43  Drone  
  71  6:46  Drone  
  75  6:54  Mutalisk  
  77  7:06  Mutalisk  
  77  7:08  Drone x5  
  84  7:17  Mutalisk  
  86  7:24  Drone x3  
  86  7:25  Drone  
  86  7:27  Extractor  
  89  7:41  Mutalisk  
  89  7:42  Zergling x2, Mutalisk  
  89  7:43  Zergling x4  
  96  7:53  Zerg Melee Weapons Level 1  
  96  7:54  Zergling x2  
  96  7:55  Zergling x6  
  96  7:57  Baneling  
  96  7:58  Baneling x7  
  100  8:07  Drone  
  100  8:10  Queen  
  103  8:17  Mutalisk  
  105  8:23  Overlord x2  
  105  8:26  Overseer  
  105  8:28  Zergling x2  
  105  8:29  Overlord x4  
  106  8:41  Zergling x2, Spore Crawler  
  106  8:42  Mutalisk  
  106  8:43  Mutalisk x3  
  102  9:01  Zergling x2  
  102  9:02  Zergling x12  
  105  9:05  Overlord x2  
  91  9:26  Zergling x4  
  91  9:30  Zergling x2  
  90  9:31  Mutalisk x2  
  90  9:35  Mutalisk x4  
  90  9:36  Zergling x2  
  102  9:45  Mutalisk x2  
  96  10:01  Mutalisk x3  
Show
View Real Time Build Order
Export as new Build Order

capac Terran 

Build Orders: Reaper Expand 

Get SALT Encoding   

  12  0:01  SCV  
  13  0:13  SCV  
  14  0:18  Supply Depot  
  14  0:25  SCV  
  15  0:40  SCV  
  15  0:42  Barracks  
  16  0:47  Refinery  
  16  0:52  SCV  
  17  1:04  SCV  
  18  1:16  SCV  
  19  1:28  Orbital Command  
  19  1:32  Reaper  
  20  1:41  Command Center  
  20  1:49  Supply Depot  
  20  1:56  SCV  
  21  2:04  Barracks Reactor  
  21  2:14  Barracks  
  21  2:16  SCV  
  23  2:30  Factory, SCV  
  23  2:39  Bunker  
  23  2:42  Marine x2, SCV  
  26  2:46  Refinery  
  26  2:56  SCV  
  27  3:00  Marine  
  27  3:03  Marine x2  
  29  3:14  Barracks  
  29  3:16  Orbital Command  
  29  3:23  SCV  
  29  3:25  Marine x2  
  29  3:26  Barracks Tech Lab  
  32  3:30  Factory Reactor  
  32  3:34  Starport  
  32  3:41  SCV  
  32  3:42  SCV  
  32  3:48  Stimpack  
  34  3:53  Marine, SCV  
  34  3:54  SCV  
  37  3:55  Marine  
  38  4:03  Marine  
  38  4:07  Supply Depot  
  28  4:26  Medivac  
  28  4:30  Marine x3  
  30  4:38  Widow Mine  
  30  4:41  Marine  
  30  4:43  Supply Depot  
  33  4:47  Marine  
  34  4:54  Marine x2  
  36  5:04  Marine  
  36  5:05  Marine  
  38  5:12  Marine  
  39  5:17  Marine  
  40  5:21  Marine  
  40  5:23  Marine  
  42  5:38  Marine  
  42  5:40  Barracks Reactor  
  43  5:48  Medivac x2  
  47  5:59  Marine x3  
  47  6:01  SCV  
  51  6:13  SCV  
  51  6:16  Marine x3  
  51  6:17  Marine x2  
  51  6:18  Engineering Bay  
  56  6:29  Liberator  
  52  6:33  Widow Mine  
  52  6:37  Marine  
  52  6:38  Marine x3  
  58  6:44  Marine  
  62  6:50  Orbital Command  
  62  7:01  Supply Depot  
  62  7:02  Supply Depot  
  62  7:18  Missile Turret  
  62  7:19  Missile Turret  
  62  7:23  Marine x5  
  62  7:25  SCV  
  62  7:26  SCV  
  65  7:50  Liberator x2  
  65  8:04  Marine x3, SCV x2  
  65  8:05  Marine  
  71  8:08  Factory Tech Lab  
  71  8:10  Terran Infantry Weapons Level 1  
  77  8:13  Supply Depot  
  77  8:15  Supply Depot  
  77  8:21  Marine  
  77  8:22  Marine  
  77  8:25  Marine x3  
  82  8:27  SCV x2  
  84  8:37  Supply Depot  
  84  8:39  Supply Depot  
  84  8:41  SCV  
  85  8:42  Marine  
  76  9:02  Marine  
  61  9:03  Marine x3  
  61  9:08  Bunker  
  65  9:11  Bunker  
  65  9:13  Marine  
  65  9:15  Liberator  
  65  9:20  Marine x2  
  49  9:31  Marine x3  
  42  9:47  Marine x2  
  42  9:49  Marine x2  
  44  10:01  Marine  
  44  10:05  Marine x2  
Tags
 
Add a new tag
Caveats
  • Supply blocks, unpowered buildings, or Contaminate may cause inaccurate times.
  • Supply counts are checked every 10 seconds.